 Dungeon Crawl Stone Soup version 0.20-a0-972-gb9bd3e6 (console) character file.

90 vuev the Skirmisher (level 4, -4/29 HPs)
             Began as a Gargoyle Berserker on Apr 9, 2017.
             Was a Believer of Trog.
             Slain by an orc
             ... wielding a +0 flail
              (7 damage)
             ... on level 2 of the Dungeon.
             The game lasted 00:03:13 (1747 turns).

vuev the Skirmisher (Gargoyle Berserker)            Turns: 1747, Time: 00:03:14

Health: -4/29      AC:  9    Str: 21    XL:     4   Next: 56%
Magic:  4/4        EV: 12    Int:  7    God:    Trog [**....]
Gold:   91         SH:  0    Dex: 12    Spells: 3/3 levels left

rFire    . . .     SeeInvis .   a - +0 mace
rCold    . . .     Gourm    .   (no shield)
rNeg     + . .     Faith    .   b - +0 animal skin
rPois    ∞         Spirit   .   (no helmet)
rElec    +         Reflect  .   (no cloak)
rCorr    .         Harm     .   f - +2 pair of gloves
MR       .....                  (no boots)
Stlth    ++........             (no amulet)
Regen    0.1/turn               (no ring)
MPRegen  0.1/turn               (no ring)

@: no status effects
A: thin skeletal structure 1, negative energy resistance 1, shaggy fur 1,
electricity resistance, wild magic 1, unbreathing, petrification resistance, rot
immunity, AC +3
a: Berserk, Trog's Hand, Burn Spellbooks, Renounce Religion


You were on level 2 of the Dungeon.
You worshipped Trog.
Trog was pleased with you.
You were not hungry.

You visited 1 branch of the dungeon, and saw 3 of its levels.

You collected 91 gold pieces.

Inventory:

Hand Weapons
 a - a +0 mace (weapon)
Missiles
 d - 48 stones (quivered)
Armour
 b - a +0 animal skin (worn)
 f - a +2 pair of gloves (worn)
Jewellery
 i - an uncursed ring of fire
Scrolls
 g - a scroll of identify {unknown}
 h - a scroll of noise {unknown}
 j - 2 scrolls of enchant armour {unknown}
 l - a scroll of recharging {unknown}
 o - a scroll of random uselessness {unknown}
 p - a scroll of immolation {unknown}
 r - a scroll of amnesia {unknown}
Potions
 e - a potion of invisibility {unknown}
 k - a potion of lignification {unknown}
 n - a potion of curing {unknown}
Comestibles
 c - a bread ration
 m - a royal jelly
 q - a chunk of flesh


   Skills:
 + Level 4.2 Fighting
 + Level 3.8 Maces & Flails
 + Level 2.4 Armour
 + Level 2.4 Dodging


You had 3 spell levels left.
You didn't know any spells.

Dungeon Overview and Level Annotations

Branches:
Dungeon (3/15)

Altars:


Innate Abilities, Weirdness & Mutations

You are resistant to torment.
Your stone body is resilient. (AC +3)
You are immune to poison.
You resist negative energy. (rN+)
You are resistant to electric shocks. (rElec)
You can survive without breathing.
You are immune to petrification.
You are immune to rotting.
You have a somewhat thin skeletal structure. (Dex +2, Stealth)
You are covered in fur. (AC +1)
Your spells are a little harder to cast, but a little more powerful.


Message History

You hear a shout! x3
You hit the orc.
The orc is lightly wounded.
A centaur comes into view.
There is a stone staircase leading up here.
You hit the orc but do no damage.
The orc is lightly wounded.
The orc closely misses you.
The orc priest calls down the wrath of Beogh upon you.
Beogh smites you! The orc closely misses you.
The orc priest mumbles some strange prayers to Beogh against you.
Beogh smites you!
* * * LOW HITPOINT WARNING * * *
You climb upwards.
There is a stone staircase leading down here.
You hit the orc but do no damage.
The orc is lightly wounded.
The orc hits you with a flail!
You die...

.# #.# #.#######.#
.# #.# #.# #####.#
.# #.# #.# #..)..#
.###.# #.# #.#####
..##.###########
#.# #.#
#..............#
#.# #.#
............##.#
#.# #.#
##.######...##.###
#.# #.# ##.#
##.###..@#####.#
#.# ...#
#.......o.....#
#.# ####
#######.#######
#.# #.# #.#
#.#########<#
#...........#
#############


You could see an orc.

Vanquished Creatures
  5 adders
  A worm (D:2)
  A dart slug (D:1)
  A leopard gecko (D:2)
  An orc (D:3)
  2 giant cockroaches
  4 goblins
  5 hobgoblins
  3 jackals (D:1)
  3 bats
  2 frilled lizards
  9 kobolds
  3 rats
40 creatures vanquished.

Notes
Turn   | Place    | Note
-------+----------+-------------------------------------------
     0 | D:1      | vuev the Gargoyle Berserker began the quest for the Orb.
     0 | D:1      | Reached XP level 1. HP: 14/14 MP: 1/1
   288 | D:1      | Reached XP level 2. HP: 19/19 MP: 2/2
   947 | D:2      | Reached XP level 3. HP: 23/24 MP: 3/3
  1016 | D:2      | Reached skill level 4 in Fighting
  1041 | D:2      | Gained mutation: You have a somewhat thin skeletal structure. (Dex +2, Stealth) [potion of mutation]
  1041 | D:2      | Gained mutation: You are covered in fur. (AC +1) [potion of mutation]
  1041 | D:2      | Gained mutation: Your spells are a little harder to cast, but a little more powerful. [potion of mutation]
  1089 | D:2      | Reached ** piety under Trog
  1089 | D:2      | Reached XP level 4. HP: 23/29 MP: 4/4
  1743 | D:3      | Noticed a centaur
  1747 | D:2      | Slain by an orc

Vault maps used:
D:1:      dpeg_arrival_boxorama
D:2:      cheibrodos_helix_gallery
D:3:      kiku_gazebo_pond_becter

Skill      XL: |  1  2  3 |
---------------+----------+-----
Fighting       | 4 |  4.2
Dodging        | 2 |  2.4
Maces & Flails | |  3.8
Armour         | |  2.4

Action                   |  1- 3 |  4- 6 || total
-------------------------+-------+-------++-------
Melee: Mace              |    89 |    44 ||   133
Invok: Berserk           |     1 |       ||     1
  Use: Potion            |     1 |       ||     1
 Stab: Sleeping          |       |     1 ||     1
  Eat: Chunk             |     1 |     3 ||     4
Armor: Animal skin       |    31 |    14 ||    45
Dodge: Dodged            |    65 |    27 ||    92
